 Dungeon Crawl Stone Soup version 0.20-a0-1017-gc3250ce (webtiles) character file.

2023 Gorglomux the Covert (level 9, -12/57 HPs)
             Began as a Vampire Summoner on Apr 16, 2017.
             Was a Priest of Sif Muna.
             Mangled by an orc warrior
             ... wielding a +0 war axe
              (19 damage)
             ... in a bailey.
             The game lasted 00:28:57 (9130 turns).

Gorglomux the Covert (Vampire Summoner)             Turns: 9130, Time: 00:29:07

Health: -12/57     AC:  0    Str:  7    XL:     9   Next: 3%
Magic:  0/16       EV: 21    Int: 20    God:    Sif Muna [***...]
Gold:   319        SH:  0    Dex: 20    Spells: 6/18 levels left

rFire    . . .     SeeInvis +   (weapon currently unavailable)
rCold    + . .     Gourm    .   (shield currently unavailable)
rNeg     + + .     Faith    .   (armour currently unavailable)
rPois    +         Spirit   .   (helmet currently unavailable)
rElec    .         Reflect  .   (cloak currently unavailable)
rCorr    .         Harm     .   (gloves currently unavailable)
MR       .....                  (boots currently unavailable)
Stlth    ++++++....             (no amulet)
Regen    0.1/turn               (ring currently unavailable)
MPRegen  0.2/turn               (ring currently unavailable)

@: bat-form, flying, regenerating slowly, divine energy, very quick
A: fangs 3, see invisible
a: End Transformation, Stop Divine Energy, Channel Magic, Renounce Religion


You were in a bailey.
You worshipped Sif Muna.
Sif Muna was most pleased with you.
You were near bloodless.
You were in vampire-bat-form.
You visited 2 branches of the dungeon, and saw 8 of its levels.
You also visited: Sewer and Bailey.

You collected 319 gold pieces.

Inventory:

Hand Weapons
 a - a +1 short sword of draining (melded)
 b - a +0 spear
 I - a +0 dagger
Armour
 s - a +0 robe (melded)
 E - a +0 cloak (melded)
 M - a +0 helmet (melded)
Jewellery
 Z - a +4 ring of protection (melded)
Wands
 D - a wand of digging (5/24)
Scrolls
 y - 4 scrolls of remove curse
 C - a scroll of random uselessness {unknown}
 F - 2 scrolls of blinking {unknown}
 J - a scroll of fog {unknown}
 L - 2 scrolls of enchant armour {unknown}
 R - 4 scrolls of identify
 S - 2 scrolls of recharging {unknown}
 T - a scroll of teleportation {unknown}
 U - a scroll of enchant weapon {unknown}
 X - a scroll of noise {unknown}
 Y - a scroll of amnesia {unknown}
Potions
 q - 18 potions of blood
 u - 3 potions of lignification
 w - 2 potions of mutation {unknown}
 x - a potion of cancellation {unknown}
 z - a potion of degeneration {unknown}
 A - a potion of resistance {unknown}
 B - 2 potions of agility {unknown}
 G - a potion of haste
 H - 4 potions of curing {unknown}
 K - 2 potions of heal wounds {unknown}
 V - 5 potions of flight
 W - 2 potions of might {unknown}
Books
 t - a book of Callings

   Spells                             Type                      Level
   a - Summon Small Mammal            Summoning                    1
   b - Call Imp                       Summoning                    2
   c - Call Canine Familiar           Summoning                    3
   d - Summon Guardian Golem          Hexes/Summoning              3
   e - Summon Lightning Spire         Summoning/Air                4
   f - Summon Ice Beast               Ice/Summoning                4


   Skills:
 + Level 3.6 Short Blades
 - Level 3.1 Dodging
 - Level 8.0 Stealth
 + Level 5.3 Spellcasting
 + Level 6.7 Summonings
 + Level 4.1 Ice Magic
 + Level 4.3 Air Magic


You had 6 spell levels left.
You knew the following spells:

 Your Spells              Type           Power        Failure   Level  Hunger
a - Summon Small Mammal   Summ           ####         1%          1    None
b - Call Canine Familiar  Summ           ####....     1%          3    ##.....
c - Summon Ice Beast      Ice/Summ       ####....     14%         4    ####...
l - Summon Lightning Spi  Summ/Air       ####....     14%         4    ####...


Dungeon Overview and Level Annotations

Branches:
Dungeon (7/15)             Temple (1/1) D:4

Altars:
Ashenzari
Cheibriados
Dithmenos
Elyvilon
Gozag
Hepliaklqana
Kikubaaqudgha
Makhleb
Nemelex Xobeh
Okawaru
Qazlal
Ru
Sif Muna
Trog
Uskayaw
Vehumet
Wu Jian
Xom
Yredelemnul
Zin
The Shining One

Shops:
D:4 :   D:6 =

Annotations:
D:3 Robin


Innate Abilities, Weirdness & Mutations

You heal slowly.
You have razor-sharp teeth.
You have supernaturally acute eyesight. (SInv)
((You can survive without breathing.))


Message History

Sif Muna protects you from the effects of your miscast!
Sif Muna grants you divine energy.
You briefly lose access to your magic!
The orc warrior hits you with a war axe!!
* * * LOW HITPOINT WARNING * * *
Unknown command.
You see here a tomahawk of returning.
You don't have enough magic at the moment.
Why would you want to do that? Why would you want to do that?
Okay, then.
You regain access to your magic.
You see here 374 gold pieces.
You turn into a vampire bat.
Your +1 short sword of draining melds into your body.
Your +0 cloak melds into your body.
Your +0 helmet melds into your body.
Your +0 robe melds into your body.
Your +4 ring of protection melds into your body.
The orc warrior hits you with a war axe!!
You die...

#.'.'≈≈.....).≈≈(.'.#
#.###≈≈.).....≈≈###.#
#.(('≈≈$).....≈≈(.'.#
#.###≈≈...(...≈≈###.#
#.'.(≈≈.......≈≈K.'.#
#.###≈≈.......≈≈###.#
#.(.'≈≈.......≈≈'.'.#
#.###≈≈o......≈≈###.#
#^'.'≈≈b......≈≈'.'^#
#####≈≈.......≈≈#####
##≈.......≈##
####''(#### ##.....##
#∩....)∩# #...8...#
##.....## ###'###


You could see an orc warrior.

Vanquished Creatures
  A necrophage (D:6)
  A big kobold (Sewer)
  A gnoll sergeant (D:4)
  A jelly (D:5)
  A centaur zombie (D:6)
  An orc priest (D:4)
  A hound (D:5)
  2 iguanas
  2 orc wizards
  2 worker ants (D:5)
  2 big kobold zombies (Sewer)
  2 gnolls
  2 shadow imps (D:6)
  An adder zombie (D:6)
  3 adder skeletons
  2 worms
  3 dart slugs
  6 leopard geckos
  2 orcs
  8 giant cockroaches
  3 goblins
  9 hobgoblins
  9 jackals
  14 kobolds
  7 bats
  8 frilled lizards
  A quokka skeleton (D:6)
  5 rats
100 creatures vanquished.

Vanquished Creatures (collateral kills)
  The ghost of feelmyfire the Cleaver, a novice DsBe of Trog (Bailey)
  An orc knight (Bailey)
  Grinder (Sewer)
  Sigmund (D:3)
  2 orc warriors
  A phantom (D:6)
  A centaur (D:5)
  2 big kobolds
  A scorpion (D:4)
  2 crimson imps (D:5)
  A bullfrog zombie (D:5)
  A quasit (Sewer)
  A bullfrog skeleton (D:4)
  3 orc priests
  A gnoll shaman (D:4)
  2 hounds
  Ijyb (D:3)
  Terence (D:3)
  3 orc wizards
  A worker ant (D:5)
  2 big kobold zombies (Sewer)
  10 gnolls
  6 adders
  2 shadow imps (Sewer)
  3 ufetubi (Sewer)
  3 worms
  2 leopard geckos
  18 orcs
  A ball python (D:2)
  6 bats
  A bat zombie (Sewer)
  6 giant cockroaches
  6 goblins
  2 hobgoblins
  A jackal (D:3)
  22 kobolds
  A quokka (D:2)
  A kobold zombie (Sewer)
  A rat (D:3)
122 creatures vanquished.

Vanquished Creatures (others)
  A kobold zombie (Sewer)
1 creature vanquished.

Grand Total: 223 creatures vanquished

Notes
Turn   | Place    | Note
-------+----------+-------------------------------------------
     0 | D:1      | Gorglomux the Vampire Summoner began the quest for the Orb.
     0 | D:1      | Reached XP level 1. HP: 13/13 MP: 3/3
   400 | D:1      | Reached XP level 2. HP: 11/19 MP: 5/5
  1193 | D:2      | Reached XP level 3. HP: 10/24 MP: 1/6
  1497 | D:2      | Learned a level 3 spell: Call Canine Familiar
  1986 | D:2      | Reached skill level 4 in Stealth
  2568 | D:2      | Reached skill level 3 in Dodging
  2568 | D:2      | Reached XP level 4. HP: 9/30 MP: 3/8
  3443 | D:3      | Found a shadowy altar of Dithmenos.
  3561 | D:3      | Noticed Robin
  3568 | D:3      | Reached skill level 3 in Spellcasting
  3600 | D:2      | Learned a level 4 spell: Summon Lightning Spire
  3640 | D:3      | Noticed Ijyb
  3640 | D:3      | Noticed Terence
  3957 | D:3      | Killed Ijyb
  3957 | D:3      | Reached XP level 5. HP: 35/35 MP: 9/9
  3972 | D:3      | Killed Terence
  3972 | D:3      | Reached skill level 5 in Stealth
  4032 | D:3      | Reached skill level 1 in Air Magic
  4087 | D:3      | Noticed Sigmund
  4215 | D:3      | Killed Sigmund
  4391 | D:4      | Reached XP level 6. HP: 22/41 MP: 2/11
  4547 | D:4      | Found Iryawk's Book Shoppe.
  4680 | D:4      | Reached skill level 6 in Stealth
  4720 | D:4      | Found a staircase to the Ecumenical Temple.
  4752 | Temple   | Entered the Ecumenical Temple
  4934 | Temple   | Became a worshipper of Sif Muna the Loreminder
  5243 | D:4      | Learned a level 4 spell: Summon Ice Beast
  5731 | D:5      | Entered Level 5 of the Dungeon
  5777 | D:5      | Reached XP level 7. HP: 40/46 MP: 5/12
  5777 | D:5      | Reached skill level 1 in Ice Magic
  5784 | D:5      | Reached skill level 7 in Stealth
  6117 | D:5      | Reached * piety under Sif Muna
  6580 | D:6      | Found Tiavomn's Jewellery Emporium.
  6664 | D:6      | Reached skill level 8 in Stealth
  7033 | D:6      | Found a glowing drain.
  7080 | Sewer    | Entered a sewer
  7141 | Sewer    | Reached XP level 8. HP: 52/52 MP: 9/14
  7353 | Sewer    | Reached skill level 1 in Short Blades
  7378 | Sewer    | Found a burning altar of Makhleb.
  7386 | Sewer    | Reached skill level 3 in Air Magic
  7391 | Sewer    | Reached skill level 6 in Summonings
  7473 | Sewer    | Reached ** piety under Sif Muna
  8021 | Sewer    | Noticed Grinder
  8025 | Sewer    | Killed Grinder
  8025 | Sewer    | Reached skill level 3 in Ice Magic
  8589 | D:7      | Found a flagged portal.
  8599 | Bailey   | Entered a bailey
  8622 | Bailey   | Noticed feelmyfire's ghost (novice DsBe)
  8681 | Bailey   | Noticed an orc knight
  8691 | Bailey   | Killed feelmyfire's ghost
  8691 | Bailey   | Reached skill level 3 in Short Blades
  9101 | Bailey   | Killed an orc knight
  9101 | Bailey   | Reached XP level 9. HP: 46/57 MP: 0/16
  9112 | Bailey   | Reached *** piety under Sif Muna
  9130 | Bailey   | Mangled by an orc warrior

Vault maps used:
D:1:      dpeg_arrival_stone_temple_mockup, kennysheep_boxes
D:3:      first_bread, nicolae_dithmenos_shadow_blocks, uniq_sigmund, uniq_iyjb,
          uniq_robin, uniq_terence
D:4:      minmay_temple_entry_glass, serial_shops, kennysheep_mini,
          minmay_surrounded
D:6:      serial_shops, shop, portal_sewer_entry_f
D:7:      enter_bailey_2
Temple:   minmay_crystal_snake_temple
Sewer:    kennysheep_sewer_church
Bailey:   bailey_axe_3, bailey

Skill      XL: |  1  2  3  4  5  6  7  8 |
---------------+-------------------------+-----
Stealth        | 4 5 6 8 |  8.0
Dodging        | 3 |  3.1
Spellcasting   | 3 4 5 |  5.3
Air Magic      | 1 2 4 |  4.3
Summonings     | 5 6 |  6.7
Ice Magic      | 2 4 |  4.1
Short Blades   | 3 |  3.6

Action                   |  1- 3 |  4- 6 |  7- 9 || total
-------------------------+-------+-------+-------++-------
Melee: Dagger            |   108 |       |       ||   108
       Bite              |     7 |    14 |    22 ||    43
       Spear             |    10 |   175 |   135 ||   320
       Unarmed           |       |     5 |       ||     5
       Short sword       |       |    11 |   148 ||   159
 Cast: Summon Small Mamm |    23 |    16 |       ||    39
       Call Canine Famil |     8 |    16 |    12 ||    36
       Summon Lightning  |       |    11 |    27 ||    38
       Summon Ice Beast  |       |       |    11 ||    11
Invok: Divine Energy     |       |       |     1 ||     1
 Abil: Bat Form          |     1 |     1 |     1 ||     3
       End Transformatio |     1 |     1 |       ||     2
  Use: Potion            |     5 |    14 |    14 ||    33
       Scroll            |       |       |     3 ||     3
 Stab: Sleeping          |    10 |     6 |     7 ||    23
       Distracted        |     1 |     1 |     1 ||     3
       Confused          |       |     1 |       ||     1
Armor: Robe              |    24 |    25 |    65 ||   114
Dodge: Dodged            |    94 |   116 |   207 ||   417
